 Dungeon Crawl Stone Soup version 0.22-a0-608-g8a62e23 (webtiles) character file.

2523 digijack the Thaumaturge (level 9, -10/65 HPs)
             Began as a Gnoll Wizard on July 9, 2018.
             Was a Believer of Nemelex Xobeh.
             Mangled by an orc warrior
             ... wielding a +0 short sword
              (22 damage)
             ... on level 8 of the Dungeon.
             The game lasted 01:09:12 (8969 turns).

digijack the Thaumaturge (Gnoll Wizard)             Turns: 8969, Time: 01:09:12

Health: -10/65     AC:  5    Str: 10    XL:     9   Next: 54%
Magic:  14/21      EV: 20    Int: 24    God:    Nemelex Xobeh [**....]
Gold:   396        SH:  0    Dex: 13    Spells: 7/24 levels left

rFire    . . .     SeeInvis .   k - +4 dagger (vamp)
rCold    . . .     Gourm    .   (no shield)
rNeg     . . .     Faith    +   a - +1 robe
rPois    .         Spirit   .   b - +0 hat
rElec    .         Reflect  .   o - +1 cloak
rCorr    .         Harm     .   (no gloves)
MR       .....                  (no boots)
Stlth    ++++......             s - amulet of faith
HPRegen  0.20/turn              f - ring of stealth
MPRegen  0.17/turn              l - +5 ring of evasion

@: drained
A: distributed training, fangs 1, strong nose
a: Renounce Religion


You were on level 8 of the Dungeon.
You worshipped Nemelex Xobeh.
Nemelex Xobeh was pleased with you.
You were not hungry.

You visited 1 branch of the dungeon, and saw 8 of its levels.

You collected 396 gold pieces.

Inventory:

Hand Weapons
 k - a +4 vampiric dagger (weapon)
Armour
 a - a +1 robe (worn)
 b - a +0 hat (worn)
 j - a +0 large shield
 o - a +1 cloak (worn)
Jewellery
 f - a ring of stealth (left hand)
 l - a +5 ring of evasion (right hand)
 s - an amulet of faith (around neck)
Wands
 g - a wand of enslavement (19)
 n - a wand of polymorph (39)
 r - a wand of flame (22)
Scrolls
 e - 4 scrolls of remove curse
 h - 2 scrolls of identify
Potions
 i - 3 potions of agility
 q - a potion of heal wounds
 t - 3 potions of cancellation
 w - a potion of berserk rage
Miscellaneous
 c - a plain deck of summoning {drawn: 2}
 m - an ornate deck of escape {drawn: 5}
 p - a plain deck of destruction {drawn: 6}
 u - a plain deck of summoning
Comestibles
 d - 6 rations


   Skills:
 + Level 4.2(4.0) Fighting
 + Level 4.2(4.0) Short Blades
 + Level 4.2(4.0) Long Blades
 + Level 4.2(4.0) Axes
 + Level 4.2(4.0) Maces & Flails
 + Level 4.2(4.0) Polearms
 + Level 4.2(4.0) Staves
 + Level 4.2(4.0) Slings
 + Level 4.2(4.0) Bows
 + Level 4.2(4.0) Crossbows
 + Level 4.2(4.0) Throwing
 + Level 4.2(4.0) Armour
 + Level 6.3(6.1) Dodging
 + Level 6.0(5.8) Stealth
 + Level 4.2(4.0) Shields
 + Level 4.2(4.0) Unarmed Combat
 + Level 8.4(8.1) Spellcasting
 + Level 4.2(3.9) Conjurations
 + Level 3.5(3.3) Hexes
 + Level 3.5(3.3) Charms
 + Level 4.2(3.9) Summonings
 + Level 3.5(3.3) Necromancy
 + Level 4.2(3.9) Translocations
 + Level 3.5(3.3) Transmutations
 + Level 3.5(3.3) Fire Magic
 + Level 3.5(3.3) Ice Magic
 + Level 3.5(3.3) Air Magic
 + Level 3.5(3.3) Earth Magic
 + Level 3.5(3.3) Poison Magic
 + Level 4.7(4.4) Invocations
 + Level 4.2(4.0) Evocations


You had 7 spell levels left.
You knew the following spells:

 Your Spells              Type           Power        Failure   Level  Hunger
a - Magic Dart            Conj           ####         1%          1    None
b - Call Imp              Summ           ####....     1%          2    None
c - Blink                 Tloc           N/A          1%          2    None
d - Conjure Flame         Conj/Fire      ####....     4%          3    None
e - Mephitic Cloud        Conj/Pois/Air  ####....     4%          3    None
f - Gell's Gravitas       Tloc           ####......   3%          3    None
g - Confuse               Hex            ####....     4%          3    None

Your spell library contained the following spells:

 Spells                   Type           Power        Failure   Level  Hunger
 Slow                     Hex            ####....     2%          2    None
 Confusing Touch          Hex            ####..       1%          1    None
 Metabolic Englaciation   Hex/Ice        ####......   41%         5    #####..
 Petrify                  Tmut/Erth      ####....     16%         4    ##.....
 Yara's Violent Unravell  Hex/Tmut       ####......   41%         5    #####..


Dungeon Overview and Level Annotations

Branches:
Dungeon (8/15)             Temple (0/1) D:6
   Lair: D:8-11

Altars:
Ashenzari
Dithmenos
Fedhas
Kikubaaqudgha
Nemelex Xobeh
Okawaru
Uskayaw
Vehumet

Shops:
D:6 [

Annotations:
D:8 Joseph


Innate Abilities, Weirdness & Mutations

Your experience applies equally to all skills.
You have very sharp teeth.
Your uncanny sense of smell can sniff out nearby items.


Message History

* * * LOW HITPOINT WARNING * * *
The orc warrior barely misses you.
The centaur wields an uncursed shortbow.
The centaur shoots an arrow.
The arrow hits your orange demon!
Your orange demon stings the orc warrior but does no damage.
Evoke which item? (* to show all) (? for menu, Esc to quit)
You draw a card...
It is the Tomb.
Walls emerge from the floor!
The jackal closely misses you. The orc warrior barely misses you.
Evoke which item? (* to show all) (? for menu, Esc to quit)
You draw a card...
It is Velocity.
The jackal seems to slow down.
The orc warrior seems to slow down.
The wight seems to slow down.
Your orange demon seems to slow down.
The centaur seems to slow down.
Something hits your orange demon but does no damage.
The jackal closely misses you.
The centaur unwields an uncursed shortbow.
The centaur hits your orange demon!
The orc warrior hits you with a short sword!!
You die...
Your body disappears without a glow.

∆ ∆ .# .# #########.##
#...#.##h.c##..
#...#Z#@#......
###.#.#zo##......
#.._..#.4(h....c.
#.#.#..#c(.......
#.#......).o{..........
#.....##.....#....c....
###...##.....#.#...o...
#..o##...#.#.#.......
##.#####.#...........


You could see an orc warrior, 2 centaurs, a wight, a jackal and a friendly
orange demon.

Vanquished Creatures
  A hippogriff (D:7)
  Sigmund (D:5)
  Eustachio (D:5)
  An orc warrior (D:7)
  A necrophage (D:7)
  A phantom (D:6)
  Blork the orc (D:5)
  2 bullfrogs
  A wight (D:8)
  A howler monkey (D:4)
  A vampire bat (D:7)
  2 hounds (D:5)
  2 jellies
  3 orc priests
  9 orc wizards
  Jessica (D:3)
  A centaur skeleton (D:5)
  An iguana (D:7)
  Ijyb (D:5)
  2 worker ants
  A killer bee zombie (D:7)
  A hound skeleton (D:5)
  7 adders
  An adder zombie (D:7)
  An adder skeleton (D:6)
  2 worms
  2 dart slugs
  A leopard gecko (D:1)
  23 orcs
  4 bat skeletons (D:7)
  3 giant cockroaches
  5 hobgoblins
  9 jackals
  4 kobolds
  3 quokkas
  A ball python (D:1)
  A ball python zombie (D:5)
  7 bats
  4 frilled lizards
  12 goblins
  A leopard gecko skeleton (D:5)
  7 rats
  A butterfly (D:6)
135 creatures vanquished.

Vanquished Creatures (collateral kills)
  Grinder (D:6)
  A hippogriff (D:7)
  Edmund (D:4)
  A sky beast (D:5)
  An ogre (D:6)
  A wight (D:8)
  A bullfrog zombie (D:7)
  An orc priest (D:3)
  A centaur skeleton (D:7)
  2 orc wizards
  3 worker ants
  A howler monkey zombie (D:5)
  2 adders
  A worm (D:5)
  7 orcs
  A bat skeleton (D:7)
  A bat zombie (D:7)
  2 giant cockroaches
  A jackal (D:2)
  A goblin (D:2)
  A quokka zombie (D:6)
32 creatures vanquished.

Vanquished Creatures (others)
  A vampire (D:7)
  An orc (D:8)
2 creatures vanquished.

Grand Total: 169 creatures vanquished

Notes
Turn   | Place    | Note
-------+----------+-------------------------------------------
     0 | D:1      | digijack the Gnoll Wizard began the quest for the Orb.
     0 | D:1      | Reached XP level 1. HP: 13/13 MP: 8/8
   215 | D:1      | Reached XP level 2. HP: 19/19 MP: 7/10
   603 | D:1      | Reached XP level 3. HP: 25/25 MP: 6/11
   926 | D:1      | Learned a level 2 spell: Call Imp
   929 | D:1      | Learned a level 2 spell: Blink
   933 | D:1      | Learned a level 3 spell: Conjure Flame
   937 | D:1      | Learned a level 3 spell: Mephitic Cloud
  1036 | D:2      | Found a blossoming altar of Fedhas.
  1211 | D:2      | Reached skill level 1 in Invocations
  1428 | D:2      | Reached skill level 1 in Fighting
  1428 | D:2      | Reached skill level 1 in Short Blades
  1428 | D:2      | Reached skill level 1 in Long Blades
  1428 | D:2      | Reached skill level 1 in Axes
  1428 | D:2      | Reached skill level 1 in Maces & Flails
  1428 | D:2      | Reached skill level 1 in Polearms
  1428 | D:2      | Reached skill level 1 in Staves
  1428 | D:2      | Reached skill level 1 in Slings
  1428 | D:2      | Reached skill level 1 in Bows
  1428 | D:2      | Reached skill level 1 in Crossbows
  1428 | D:2      | Reached skill level 1 in Throwing
  1428 | D:2      | Reached skill level 1 in Armour
  1428 | D:2      | Reached skill level 1 in Shields
  1428 | D:2      | Reached skill level 1 in Unarmed Combat
  1428 | D:2      | Reached skill level 1 in Evocations
  1449 | D:2      | Reached XP level 4. HP: 32/32 MP: 8/13
  1787 | D:2      | Found a shadowy altar of Dithmenos.
  2027 | D:3      | Noticed Jessica
  2030 | D:3      | Killed Jessica
  2030 | D:3      | Reached skill level 1 in Hexes
  2030 | D:3      | Reached skill level 1 in Charms
  2030 | D:3      | Reached skill level 1 in Necromancy
  2030 | D:3      | Reached skill level 1 in Transmutations
  2030 | D:3      | Reached skill level 1 in Fire Magic
  2030 | D:3      | Reached skill level 1 in Ice Magic
  2030 | D:3      | Reached skill level 1 in Air Magic
  2030 | D:3      | Reached skill level 1 in Earth Magic
  2030 | D:3      | Reached skill level 1 in Poison Magic
  2123 | D:3      | Reached XP level 5. HP: 37/37 MP: 10/14
  3239 | D:4      | Reached XP level 6. HP: 30/44 MP: 5/16
  3568 | D:4      | Reached skill level 5 in Dodging
  3645 | D:4      | Noticed Edmund
  3663 | D:4      | Killed Edmund
  3821 | D:4      | Found a sparkling altar of Nemelex Xobeh.
  3826 | D:4      | Became a worshipper of Nemelex Xobeh the Trickster
  4108 | D:5      | Entered Level 5 of the Dungeon
  4108 | D:5      | Noticed Ijyb
  4115 | D:5      | Killed Ijyb
  4193 | D:5      | Noticed a sky beast
  4212 | D:5      | Killed a sky beast
  4212 | D:5      | Reached XP level 7. HP: 50/50 MP: 3/18
  4380 | D:5      | Noticed Blork the orc
  4413 | D:5      | Learned a level 3 spell: Gell's Gravitas
  4419 | D:5      | Received a gift from Nemelex Xobeh
  4880 | D:5      | Noticed Eustachio
  4967 | D:5      | Killed Eustachio
  4967 | D:5      | Reached skill level 5 in Stealth
  5084 | D:5      | Killed Blork the orc
  5084 | D:5      | Reached XP level 8. HP: 57/57 MP: 10/19
  5403 | D:5      | Learned a level 3 spell: Confuse
  5405 | D:5      | Noticed Sigmund
  5421 | D:5      | Killed Sigmund
  6072 | D:6      | Received a gift from Nemelex Xobeh
  6170 | D:6      | Noticed Grinder
  6184 | D:6      | Paralysed by Grinder for 4 turns
  6196 | D:6      | Paralysed by Grinder for 7 turns
  6200 | D:6      | Killed Grinder
  6200 | D:6      | Reached skill level 8 in Spellcasting
  6399 | D:6      | Found Edaceh's Antique Armour Shop.
  6520 | D:6      | Found a staircase to the Ecumenical Temple.
  6555 | D:6      | Reached * piety under Nemelex Xobeh
  7069 | D:7      | Received a gift from Nemelex Xobeh
  7124 | D:7      | Noticed a vampire
  7161 | D:7      | Reached ** piety under Nemelex Xobeh
  7188 | D:7      | Received a gift from Nemelex Xobeh
  7247 | D:7      | Killed a vampire
  7247 | D:7      | Reached XP level 9. HP: 17/65 MP: 3/21
  7531 | D:7      | Found an iron altar of Okawaru.
  7812 | D:7      | Received a gift from Nemelex Xobeh
  8095 | D:7      | Found a shattered altar of Ashenzari.
  8105 | D:7      | Found a hide-covered altar of Uskayaw.
  8190 | D:7      | Found an ancient bone altar of Kikubaaqudgha.
  8877 | D:8      | Noticed Joseph
  8887 | D:8      | Found a radiant altar of Vehumet.
  8969 | D:8      | Mangled by an orc warrior

Vault maps used:
D:1:      dpeg_chamrin_arrival_tetris
D:2:      nicolae_dithmenos_through_a_glass_darkly, fedhas_altar_1
D:3:      uniq_jessica
D:4:      lemuel_doored_altar, uniq_edmund
D:5:      first_ration, minivault_4, uniq_sigmund, uniq_eustachio, uniq_ijyb,
          uniq_blork_the_orc
D:6:      minmay_temple_entry_butterflies, serial_shops, shop,
          dk_rats_in_the_wall, uniq_grinder
D:7:      old_standard_altar, kennysheep_vampire_church, kennysheep_mini,
          basic_altar
D:8:      lemuel_crystal_altar, grunt_temple_overflow_diamond, grunt_pizzeria,
          minmay_guarded_unrand_staff_of_olgreb, uniq_maurice, uniq_joseph

Skill      XL: |  1  2  3  4  5  6  7  8  9 |
---------------+----------------------------+-----
Conjurations   | 2 3 4 |  4.2
Summonings     | 2 3 4 |  4.2
Translocations | 2 3 4 |  4.2
Invocations    | 1 2 3 4 |  4.7
Fighting       | 1 2 3 4 |  4.2
Short Blades   | 1 2 3 4 |  4.2
Long Blades    | 1 2 3 4 |  4.2
Axes           | 1 2 3 4 |  4.2
Maces & Flails | 1 2 3 4 |  4.2
Polearms       | 1 2 3 4 |  4.2
Staves         | 1 2 3 4 |  4.2
Slings         | 1 2 3 4 |  4.2
Bows           | 1 2 3 4 |  4.2
Crossbows      | 1 2 3 4 |  4.2
Throwing       | 1 2 3 4 |  4.2
Armour         | 1 2 3 4 |  4.2
Shields        | 1 2 3 4 |  4.2
Unarmed Combat | 1 2 3 4 |  4.2
Evocations     | 1 2 3 4 |  4.2
Hexes          | 1 2 3 |  3.5
Charms         | 1 2 3 |  3.5
Necromancy     | 1 2 3 |  3.5
Transmutations | 1 2 3 |  3.5
Fire Magic     | 1 2 3 |  3.5
Ice Magic      | 1 2 3 |  3.5
Air Magic      | 1 2 3 |  3.5
Earth Magic    | 1 2 3 |  3.5
Poison Magic   | 1 2 3 |  3.5
Dodging        | 5 6 |  6.3
Stealth        | 5 6 |  6.0
Spellcasting   | 8 |  8.4

Action                   |  1- 3 |  4- 6 |  7- 9 || total
-------------------------+-------+-------+-------++-------
Melee: Unarmed           |     2 |       |       ||     2
       Dagger            |    20 |     6 |   112 ||   138
       Mace              |     1 |       |       ||     1
       Short sword       |       |    14 |       ||    14
       Bite              |       |     1 |    10 ||    11
       Punch             |       |       |     1 ||     1
 Cast: Magic Dart        |    91 |   120 |   218 ||   429
       Call Imp          |     4 |    17 |    45 ||    66
       Mephitic Cloud    |       |     5 |     7 ||    12
       Conjure Flame     |       |     1 |    15 ||    16
       Gell's Gravitas   |       |       |     2 ||     2
       Confuse           |       |       |    13 ||    13
       Blink             |       |       |     1 ||     1
Evoke: Wand              |       |       |     5 ||     5
       Deck              |       |       |    13 ||    13
  Use: Potion            |     5 |     4 |     4 ||    13
       Scroll            |     4 |     4 |     7 ||    15
 Stab: Confused          |       |     1 |     1 ||     2
       Fleeing           |       |       |     1 ||     1
  Eat: Chunk             |     2 |     5 |     6 ||    13
       Ration            |       |     2 |     3 ||     5
Armor: Robe              |    26 |     4 |    26 ||    56
Dodge: Dodged            |    43 |    31 |   165 ||   239

Table legend:
 A = Spawn XP
 B = Non-spawn XP
 C = Spawn XP percentage of total XP
 D = Spawn monster count
 E = Non-spawn monster count
 F = Spawn count percentage of total count
 G = Total turns spent on level
                    A         B        C        D         E        F      G
               +---------+---------+-------+---------+---------+-------+---------
         Total |       0 |    3605 |   0.0 |       0 |     167 |   0.0 |  8969
               +---------+---------+-------+---------+---------+-------+---------
           D:1 |       0 |      46 |   0.0 |       0 |      26 |   0.0 |  1011
           D:2 |       0 |      63 |   0.0 |       0 |      24 |   0.0 |   843
           D:3 |       0 |     199 |   0.0 |       0 |      29 |   0.0 |  1312
           D:4 |       0 |     252 |   0.0 |       0 |       9 |   0.0 |   942
           D:5 |       0 |    1025 |   0.0 |       0 |      31 |   0.0 |  1706
           D:6 |       0 |     510 |   0.0 |       0 |       7 |   0.0 |  1070
           D:7 |       0 |    1352 |   0.0 |       0 |      33 |   0.0 |  1998
           D:8 |       0 |     158 |   0.0 |       0 |       8 |   0.0 |    87
               +---------+---------+-------+---------+---------+-------+---------
